 Dungeon Crawl Stone Soup version 0.32-a0-960-g3814254bd7 (webtiles) character file.

Game seed: 1513880345618175604

39 inmateoo the Shield-Bearer (level 3, -5/33 HPs)
             Began as a Mountain Dwarf Fighter on Apr 17, 2024.
             Was a Believer of Jiyva.
             Slain by an ogre
             ... wielding a +0 giant spiked club
              (19 damage)
             ... on level 3 of the Dungeon.
             The game lasted 00:01:01 (1351 turns).

inmateoo the Shield-Bearer (Mountain Dwarf Fighter) Turns: 1351, Time: 00:01:01

Health: -5/33      AC:  6    Str: 20    XL:     3   Next: 28%
Magic:  3/3        EV:  8    Int:  8    God:    Jiyva [**....]
Gold:   131        SH:  4    Dex:  9    Spells: 2/2 levels left

rFire   . . .        a - +0 war axe
rCold   . . .        c - +0 buckler
rNeg    . . .        b - +0 scale mail
rPois   .            (no helmet)
rElec   .            (no cloak)
rCorr   +            (no gloves)
SInv    .            (no boots)
Will    .....        (no amulet) Stlth
                     (no ring)
HPRegen 1.21/turn    (no ring)
MPRegen 0.56/turn

%: no passive effects
@: mighty
A: runic magic, artefact enchanting
a: Renounce Religion


You were on level 3 of the Dungeon.
You worshipped Jiyva.
Jiyva was pleased with you.
You visited 1 branch of the dungeon, and saw 3 of its levels.

You collected 131 gold pieces.

Inventory:

Hand Weapons
 a - a +0 war axe (weapon)
Armour
 b - a +0 scale mail (worn)
 c - a +0 buckler (worn)
Scrolls
 e - a scroll of immolation {unknown}
 f - 3 scrolls of identify {unknown}
 g - a scroll of fear {unknown}
 h - 2 scrolls of summoning {unknown}
Potions
 d - a potion of might
 i - 3 potions of mutation {unknown}
 j - a potion of attraction {unknown}
 k - a potion of haste {unknown}


   Skills:
 + Level 3.6 Fighting
 * Level 3.4 Axes
 + Level 3.6 Armour
 + Level 3.6 Shields


You had 2 spell levels left.
You didn't know any spells.
Your spell library contained the following spells:

 Spells                   Type           Power      Damage    Failure   Level
 Scorch                   Fire           0%         2d5       71%         2
 Flame Wave               Conj/Fire      0%         2d4       100%        4
 Summon Cactus Giant      Summ           0%         N/A       100%        6


Dungeon Overview and Level Annotations

Branches:
Dungeon (3/15)

Altars:
Jiyva


Innate Abilities, Weirdness & Mutations

Your spellcasting is much less encumbered by armour.
You can use scrolls of enchantment on lesser artefacts.


Message History

Done exploring.
Done exploring.
No target in view!
Done exploring.
No target in view!
Done exploring.
There is a stone staircase leading down here.
You climb downwards.
Found a scroll labelled FEYVUS XEEHUK.
There is a stone staircase leading up here.
f - 3 scrolls labelled FEYVUS XEEHUK (gained 1)
You hear a series of splatters.
You now have 131 gold pieces (gained 12).
A frilled lizard and an ogre come into view.
The frilled lizard hisses angrily.
There are monsters nearby!
A frilled lizard is nearby!
A frilled lizard is nearby!
You barely miss the frilled lizard.
The frilled lizard bites you but does no damage.
You closely miss the frilled lizard. The frilled lizard closely misses you.
You feel very mighty all of a sudden.
The frilled lizard bites you but does no damage.
You completely miss the frilled lizard. You slash the ogre!
You block the ogre's attack. The frilled lizard bites you.
The frilled lizard bites you but does no damage.
You barely miss the ogre.
The ogre is moderately wounded.
You closely miss the frilled lizard.
The ogre hits you with a +0 giant spiked club!!
Ouch! That really hurt!
The frilled lizard bites you.
A rat comes into view.
You slash the ogre!
The ogre is almost dead.
You miss the frilled lizard.
The ogre hits you with a +0 giant spiked club!!
Ouch! That really hurt!
You die...
Jiyva sends a jelly to digest your remains.

## .... #..# #O.#
###.. .... ### #
#.####....r
#..###.O@l..#
#......######
##.###.## #.##..#
## #.##.######.#
#.## ##..........#
#..###.....#######
#.##...#....#.....
..............####


You could see an ogre, a frilled lizard and a rat.

Vanquished Creatures
  3 dart slugs
  2 ball pythons (D:1)
  3 endoplasms
  5 giant cockroaches
  3 goblins (D:2)
  2 quokkas (D:1)
  5 bats
  2 frilled lizards
  3 kobolds
  2 rats (D:2)
30 creatures vanquished.

Vanquished Creatures (others)
  A dart slug (D:2)
1 creature vanquished.

Grand Total: 31 creatures vanquished

Notes
Turn   | Place    | Note
-------+----------+-------------------------------------------
     0 | D:1      | inmateoo the Mountain Dwarf Fighter began the quest for the
                  | Orb.
     0 | D:1      | Reached XP level 1. HP: 19/19 MP: 1/1
   122 | D:1      | You fall into a shaft and drop 1 floor!
   174 | D:1      | Reached XP level 2. HP: 26/26 MP: 2/2
   234 | D:1      | Found a faded altar of an unknown god.
   334 | D:1      | Prayed at the altar of an unknown god.
   334 | D:1      | Became a worshipper of Jiyva Jerrios the Shapeless
   334 | D:1      | Reached * piety under Jiyva
   762 | D:2      | Reached XP level 3. HP: 31/31 MP: 3/3
  1171 | D:2      | Reached ** piety under Jiyva
  1343 | D:3      | Noticed an ogre
  1351 | D:3      | Slain by an ogre

Illustrated notes

Levels and vault maps discovered:
D:1:      beargit_arrival_greenhouse, layout_loops_ring, basic_ecumenical_altar,
          chequers_serial_rivers_small_b, serial_park_tiny_pond
D:2:      layout_loops_ring, chequers_jeans
D:3:      layout_loops_ring, amcnicky_altar_gilded, okawaru_altar_gauntlet_db,
          minivault_19, uniq_natasha

Skill      XL: |  1  2 |
---------------+-------+-----
Axes           | 3 |  3.4
Fighting       | |  3.6
Armour         | |  3.6
Shields        | |  3.6

Action                     || total
---------------------------++-------
  Melee: War axe           ||   103
    Use: Potion            ||     1
 Armour: Scale mail        ||    88
  Dodge: Dodged            ||    44
  Block: Buckler           ||    27

Table legend: (Time is in decaauts)
 A = Elapsed time spent in this place.
 B = Non-inter-level travel time spent in this place.
 C = Inter-level travel time spent in this place.
 D = Time resting spent in this place.
 E = Time spent auto-exploring this place.
 F = Levels seen in this place.
 G = Mean time per level.
                   A        B        C        D        E       F      G
               +--------+--------+--------+--------+--------+-----+--------+
         Total |   1390 |   1335 |     55 |      0 |   1078 |   3 |  463.3 |
       Dungeon |   1390 |   1335 |     55 |      0 |   1078 |   3 |  463.3 |
               +--------+--------+--------+--------+--------+-----+--------+

Top non-repeatable levels by time:
     D:2: 691 daAuts
     D:1: 669 daAuts
     D:3: 29 daAuts
